 Dungeon Crawl Stone Soup version 0.18-a0-1123-gbd92598 (webtiles) character file.

2830 vliron the Placeless Spriggan (level 9, -1/43 HPs)
             Began as a Spriggan Warper on Jan 18, 2016.
             Was a Follower of Qazlal.
             Shot with an arrow by a centaur (8 damage)
             ... on level 7 of the Dungeon on Jan 19, 2016.
             The game lasted 02:11:44 (10753 turns).

vliron the Placeless Spriggan (Spriggan Warper)    Turns: 10753, Time: 02:11:45

Health: -1/43      AC:  2    Str:  8    XL:     9   Next: 45%
Magic:  12/20      EV: 23    Int: 16    God:    Qazlal [*.....]
Gold:   360        SH:  2    Dex: 16    Spells: 7 memorised, 5 levels left

rFire  . . .     SeeInvis +     a - +3 dagger (venom)
rCold  . . .     Gourm    .     z - +0 robe {rN+}
rNeg   + . .     Faith    .     (shield restricted)
rPois  .         Spirit   .     (helmet restricted)
rElec  .         Dismiss  .     (no cloak)
rCorr  .         Reflect  .     (gloves unavailable)
SustAt .         Harm     .     (boots unavailable)
MR     ++...                    (no amulet)
Stlth  ++++......               (no ring)
                                N - ring of protection from magic

@: drained, very quick, very resistant to hostile enchantments, stealthy
A: unfitting armour, see invisible, herbivore 3, speed 3, slow metabolism 2
a: Renounce Religion


You were on level 7 of the Dungeon.
You worshipped Qazlal.
Qazlal was aware of your devotion.
You were full.

You visited 2 branches of the dungeon, and saw 9 of its levels.

You collected 360 gold pieces.

Inventory:

Hand Weapons
 a - a +3 dagger of venom (weapon)
 b - a +0 hunting sling
 f - a cursed -3 dagger
 j - a +1 dagger of holy wrath
 l - a +1 flail of protection
 A - a +0 whip of freezing
 E - a +0 shortbow
 J - a +0 blowgun
 M - a +4 dagger of venom
 P - a +1 dagger of venom
 Q - a +4 war axe
Missiles
 e - a tomahawk of dispersal
 m - 73 stones (quivered)
 p - 67 arrows
 r - 68 sling bullets
 w - 40 bolts
 D - 8 poisoned needles
 K - 15 poisoned sling bullets
 W - 6 needles of paralysis
 Z - a tomahawk
Armour
 z - a +0 robe of positive energy (worn)
Jewellery
 y - an uncursed ring of ice
 N - a ring of protection from magic (left hand)
Wands
 s - a wand of magic darts (25/48)
 t - a wand of random effects (12/48)
 H - a wand of enslavement (9/24)
 L - a wand of confusion (22/48)
 V - a wand of cold (6/15)
 X - a wand of lightning (7/15)
Scrolls
 d - 3 scrolls of blinking
 g - 6 scrolls of remove curse
 C - a scroll of fog
 G - 3 scrolls of teleportation
 I - 2 scrolls of magic mapping
 O - a scroll of amnesia
 U - a scroll of enchant armour {unknown}
Potions
 i - 3 potions of curing
 k - 2 potions of poison
 n - a potion of flight
 o - 3 potions of brilliance
 u - 2 potions of lignification
 v - 3 potions of magic
 x - a potion of resistance
 R - a potion of ambrosia
 S - a potion of cure mutation {unknown}
 T - 2 potions of agility
 Y - a potion of haste {unknown}
Books
 c - a book of Spatial Translocations

   Spells                             Type                      Level
   a - Apportation                    Translocation                1
   b - Blink                          Translocation                2
   c - Shroud of Golubria             Charms/Translocation         2
   d - Portal Projectile              Translocation                3
   e - Teleport Other                 Translocation                3
   f - Passage of Golubria            Translocation                4
 q - a book of Transfigurations

   Spells                             Type                      Level
   a - Stoneskin                      Transmutation/Earth          2
   b - Irradiate                      Conjuration/Transmutation    5
   c - Statue Form                    Transmutation/Earth          6
   d - Hydra Form                     Transmutation                6
   e - Dragon Form                    Transmutation                7
Comestibles
 B - 3 bread rations
 F - 8 fruits


   Skills:
 + Level 2.7(2.4) Fighting
 - Level 3.7(3.4) Short Blades
 - Level 5.8(5.9) Slings
 - Level 2.8(3.9) Throwing
 + Level 8.3(8.0) Dodging
 + Level 7.7(7.3) Stealth
 + Level 7.1(6.8) Spellcasting
 - Level 2.2(1.8) Charms
 - Level 8.3(7.9) Translocations
 + Level 2.4(2.1) Transmutations
 - Level 2.6(2.3) Evocations


You had 5 spell levels left.
You knew the following spells:

 Your Spells              Type           Power        Failure   Level  Hunger
a - Apportation           Tloc           ####......   1%          1    None
b - Blink                 Tloc           N/A          1%          2    None
c - Shroud of Golubria    Chrm/Tloc      ###.......   2%          2    None
d - Passage of Golubria   Tloc           N/A          6%          4    ####...
e - Teleport Other        Tloc           ####....     1%          3    ##.....
f - Portal Projectile     Tloc           ####..       1%          3    ##.....
g - Stoneskin             Trmt/Erth      #.......     14%         2    None


Dungeon Overview and Level Annotations

Branches:
Dungeon (8/15)             Temple (1/1) D:5
   Lair: D:8-11

Altars:
Ashenzari
Cheibriados
Dithmenos
Elyvilon
Fedhas
Gozag
Kikubaaqudgha
Makhleb
Nemelex Xobeh
Okawaru
Pakellas
Qazlal
Ru
Sif Muna
Trog
Vehumet
Xom
Yredelemnul
Zin
The Shining One

Shops:
D:4 %

Portals:
Ossuary: D:8

Annotations:
D:7 Situis's ghost, novice DrBe


Innate Abilities, Weirdness & Mutations

You are tiny and cannot use many weapons and most armour.
You have supernaturally acute eyesight.
You are a herbivore.
You cover ground extremely quickly.
You need consume almost no food.


Message History

The centaur is heavily wounded.
The centaur shoots an arrow.
The arrow hits you!
* * * LOW HITPOINT WARNING * * *
You feel better.
Casting: Teleport Other
Confirm with . or Enter, or press ? or * to list all spells.
You blink.
The centaur shoots an arrow.
The arrow closely misses you.
Casting: Blink
Confirm with . or Enter, or press ? or * to list all spells.
You blink.
The centaur unwields an uncursed shortbow.
The centaur misses you.
Casting: Blink
Confirm with . or Enter, or press ? or * to list all spells.
You blink.
The crimson imp blinks!
The centaur wields an uncursed shortbow.
The centaur shoots an arrow.
The arrow hits you!
* * * LOW HITPOINT WARNING * * *
The centaur shoots an arrow.
The arrow hits you!
You die...

#....# #..............# #....#
#..............# #....#
#####..........# #....######
#..........# #.####(...#
#..........#
#####.§..#....####....§.....#
###....#...#...##..##'##.§....#
.......#...#...5(...#..#......#
.......#####§c(.@...#(.#......#
...........######..##..#......#
...............##..##..#......#
#+#............#..(##..#......#
..'............#...(...#......#
..#....#'##....#.(.....#......#
..#....#..#....#.......#......#
..######..#....#.......#......#
...# #..#....#.......#......#


You could see a centaur and a crimson imp.

Vanquished Creatures
  Pikel (D:2)
  Sigmund (D:3)
  Edmund (D:2)
  2 slaves (D:2)
  A necrophage (D:6)
  5 ogres
  5 phantoms
  A centaur (D:6)
  2 giant frogs (D:7)
  Blork the orc (D:5)
  2 scorpions
  A crimson imp (D:7)
  4 hounds
  A jelly (D:6)
  A quasit (D:7)
  An orc priest (D:3)
  Jessica (D:2)
  4 orc wizards
  3 worker ants
  A hound skeleton (D:3)
  2 hound zombies (D:6)
  A worker ant zombie (D:7)
  8 adders
  2 oozes
  5 adder skeletons
  4 worms (D:2)
  5 giant geckos
  26 orcs
  3 ball pythons
  6 giant cockroaches
  10 goblins
  7 hobgoblins
  8 jackals
  2 quokkas
  14 bats
  A giant gecko skeleton (D:5)
  A giant gecko zombie (D:5)
  8 giant newts
  A jackal skeleton (D:6)
  8 kobolds
  12 rats
173 creatures vanquished.

Notes
Turn   | Place    | Note
--------------------------------------------------------------
     0 | D:1      | vliron the Spriggan Warper began the quest for the Orb.
     0 | D:1      | Reached XP level 1. HP: 10/10 MP: 5/5
   251 | D:1      | Reached skill level 1 in Stealth
   251 | D:1      | Reached XP level 2. HP: 14/14 MP: 6/6
   255 | D:1      | Learned a level 2 spell: Blink
   258 | D:1      | Learned a level 2 spell: Shroud of Golubria
   908 | D:2      | Reached XP level 3. HP: 18/18 MP: 8/8
  1136 | D:2      | Upgraded the game from 0.18-a0-1121-gb454403 to 0.18-a0-1123-gbd92598
  1158 | D:2      | Noticed Jessica
  1781 | D:2      | Found a faded altar to an unknown god.
  2034 | D:2      | Reached XP level 4. HP: 23/23 MP: 9/9
  2767 | D:3      | Reached XP level 5. HP: 26/26 MP: 10/10
  2808 | D:3      | Reached skill level 5 in Translocations
  2980 | D:2      | Learned a level 4 spell: Passage of Golubria
  3043 | D:3      | Reached skill level 1 in Slings
  3343 | D:3      | Noticed Sigmund
  3594 | D:2      | Killed Jessica
  3594 | D:2      | Reached skill level 5 in Dodging
  3844 | D:4      | Noticed Edmund
  3844 | D:4      | Noticed a slave
  3844 | D:4      | Noticed a slave
  3845 | D:4      | Noticed a slave
  3847 | D:4      | Noticed Pikel
  3848 | D:4      | Noticed a phantom
  4198 | D:3      | Found a bloodstained altar of Trog.
  4198 | D:3      | Found a sparkling altar of Nemelex Xobeh.
  4198 | D:3      | Found a radiant altar of Vehumet.
  4198 | D:3      | Found an opulent altar of Gozag.
  4198 | D:3      | Found a basalt altar of Yredelemnul.
  4761 | D:2      | Killed a phantom
  4761 | D:2      | Reached XP level 6. HP: 19/30 MP: 10/12
  4868 | D:2      | Learned a level 3 spell: Teleport Other
  5346 | D:2      | Killed a slave
  5478 | D:2      | Killed Edmund
  5648 | D:4      | Noticed a slave
  5702 | D:2      | Killed a slave
  5723 | D:2      | Killed Pikel
  5723 | D:2      | Reached skill level 6 in Dodging
  5723 | D:2      | Reached skill level 5 in Spellcasting
  5723 | D:2      | Reached skill level 1 in Evocations
  5723 | D:2      | Reached XP level 7. HP: 27/34 MP: 13/16
  6005 | D:4      | Reached skill level 7 in Dodging
  6075 | D:4      | Found Wiablaj's Food Shoppe.
  6248 | D:4      | Reached XP level 8. HP: 39/39 MP: 17/17
  6253 | D:4      | Learned a level 3 spell: Portal Projectile
  6450 | D:4      | Reached skill level 5 in Slings
  6612 | D:5      | Entered Level 5 of the Dungeon
  6664 | D:5      | Reached skill level 5 in Stealth
  6799 | D:5      | Noticed Blork the orc
  6804 | D:5      | Killed Blork the orc
  6876 | D:5      | Found a sacrificial altar of Ru.
  7080 | D:5      | Found a staircase to the Ecumenical Temple.
  7229 | D:5      | Reached skill level 1 in Charms
  7463 | Temple   | Entered the Ecumenical Temple
  7473 | Temple   | Became a worshipper of Qazlal Stormbringer
  8270 | D:3      | Killed Sigmund
  8270 | D:3      | Reached skill level 8 in Translocations
  8270 | D:3      | Reached XP level 9. HP: 34/42 MP: 7/19
  8462 | D:3      | Reached * piety under Qazlal
  8575 | D:3      | Found a snail-covered altar of Cheibriados.
  8575 | D:3      | Found an oddly glowing altar of Pakellas.
  8576 | D:3      | Found a white marble altar of Elyvilon.
  9615 | D:7      | Learned a level 2 spell: Stoneskin
  9687 | D:7      | Reached skill level 1 in Transmutations
 10431 | D:7      | Noticed Situis's ghost (novice DrBe)
 10666 | D:8      | Found a sand-covered staircase.
 10735 | D:7      | HP: 1/43 [centaur/arrow (6)]
 10753 | D:7      | Shot with an arrow by a centaur

Vault maps used:
D:1:      lightli_arrival_lavapool, hex_large
D:2:      ecumenical_altar_1, minmay_cut_off, uniq_jessica
D:3:      grunt_temple_overflow_open, uniq_sigmund
D:4:      serial_shops, nicolae_shop_temple_entry_statues_fountains,
          saegor_snake_ambush, uniq_edmund, uniq_pikel
D:5:      minmay_temple_entry_mist, first_bread,
          nicolae_ru_sacrificial_ziggurat, uniq_blork_the_orc
D:8:      kennysheep_kobold_camp, nicolae_ossuary_entry_monument, uniq_maurice
Temple:   minmay_freezing_vapour_temple_12

Action                   |  1- 3 |  4- 6 |  7- 9 || total
-------------------------+-------+-------+-------++-------
Melee: Short sword       |    49 |       |       ||    49
       Dagger            |    56 |   115 |   304 ||   475
       Flail             |       |       |     1 ||     1
 Fire: Hunting sling     |     4 |    77 |   103 ||   184
Throw: Tomahawk          |     4 |       |       ||     4
       Stone             |    30 |    34 |    45 ||   109
 Cast: Shroud of Golubri |       |     1 |     9 ||    10
       Portal Projectile |       |       |    15 ||    15
       Blink             |       |       |     8 ||     8
       Teleport Other    |       |       |     2 ||     2
       Apportation       |       |       |     1 ||     1
       Passage of Golubr |       |       |     1 ||     1
       Stoneskin         |       |       |     3 ||     3
Evoke: Wand              |       |    11 |     1 ||    12
  Use: Scroll            |     1 |     5 |    15 ||    21
       Potion            |       |       |     3 ||     3
 Stab: Sleeping          |     7 |     4 |     8 ||    19
  Eat: Bread ration      |       |     1 |     1 ||     2
